 Dungeon Crawl Stone Soup version 0.25-a0-1133-g93ebf739aa (webtiles) character file.

Game seed: 2967004228297891806, levelgen mode: deterministic

1373 hittemvvvvhard the Cleaver (level 8, -1/83 HPs)
             Began as an Ogre Abyssal Knight on May 21, 2020.
             Was a Believer of Lugonu.
             Slain by a worker ant (6 damage)
             ... on level 6 of the Dungeon.
             The game lasted 00:15:18 (8707 turns).

hittemvvvvhard the Cleaver (Ogre Abyssal Knight)    Turns: 8707, Time: 00:15:19

Health: -1/83      AC:  5    Str: 19    XL:     8   Next: 66%
Magic:  0/10       EV:  1    Int: 13    God:    Lugonu [**....]
Gold:   298        SH:  0    Dex: -9 (8) Spells: 7/7 levels left

rFire    . . .     SeeInvis .   b - +0 battleaxe
rCold    . . .     Gourm    .   (shield currently unavailable)
rNeg     . . .     Faith    .   w - +2 robe
rPois    .         Spirit   +   (helmet restricted)
rElec    .         Reflect  .   (no cloak)
rCorr    .         Harm     .   (gloves unavailable)
MR       +....                  (boots unavailable)
Stlth    ..........             G - amulet of guardian spirit {Spirit}
HPRegen  0.23/turn              M - ring of protection from magic
MPRegen  0.12/turn              q - ring of stealth {Stlth+}

@: brilliant, slowed, lost dexterity, drained, very slow
A: large, unfitting armour, tough skin 1
a: Depart the Abyss, Bend Space, Renounce Religion


You were on level 6 of the Dungeon.
You worshipped Lugonu.
Lugonu was pleased with you.
You were not hungry.

You visited 2 branches of the dungeon, and saw 8 of its levels.
You visited the Abyss 1 time.

You collected 298 gold pieces.

Inventory:

Hand Weapons
 a - a +1 war axe
 b - a +0 battleaxe (weapon)
 l - a cursed -2 dagger
Missiles
 c - 22 sling bullets
 g - 68 arrows
 h - 91 stones
 i - a throwing net {=f}
 n - 7 silver javelins
 o - 34 poisoned darts
 r - 7 boomerangs (quivered)
 Q - 19 bolts
Armour
 p - a +0 kite shield
 w - a +2 robe (worn)
Jewellery
 q - a ring of stealth (right hand) {Stlth+}
 G - an amulet of guardian spirit (around neck) {Spirit}
 M - a ring of protection from magic (left hand)
Wands
 f - a wand of flame (11)
Scrolls
 d - 2 scrolls of fog
 t - a scroll of teleportation
 u - a scroll of remove curse
Potions
 j - a potion of mutation {unknown}
 k - a potion of brilliance
 m - a potion of flight {unknown}
 s - a potion of cancellation {unknown}
 v - a potion of magic {unknown}
Comestibles
 e - 11 rations
 x - a chunk of flesh


   Skills:
 + Level 5.7(5.0) Fighting
 + Level 8.5(7.8) Axes
 + Level 3.4(2.8) Dodging
 * Level 2.5(1.9) Shields
 + Level 3.7(3.1) Invocations


You had 7 spell levels left.
You didn't know any spells.
Your spell library contained the following spells:

 Spells                   Type           Power        Failure   Level  Hunger
 Animate Skeleton         Necr           N/A          30%         1    None
 Apportation              Tloc           #.....       30%         1    None
 Corona                   Hex            #......      30%         1    None
 Summon Small Mammal      Summ           #...         30%         1    None


Dungeon Overview and Level Annotations

Branches:
Dungeon (7/15)             Temple (1/1) D:6

Altars:
Ashenzari
Dithmenos
Fedhas
Makhleb
Nemelex Xobeh
Vehumet
Zin
The Shining One

Annotations:
D:3 Grinder
D:4 exclusion: upstairs
D:5 1 runed translucent door
D:6 exclusion: downstairs


Innate Abilities, Weirdness & Mutations

You are too large for most types of armour.
You have tough skin. (AC +1)


Message History

The worker ant bites you but does no damage.
The slave hits you.
* * * LOW HITPOINT WARNING * * *
The worker ant bites you!
* * * LOW MAGIC WARNING * * *;
* * * LOW HITPOINT WARNING * * *
You take 19 damage, and have 6/83 hp.
MASSIVE DAMAGE!!
You now have 2/10 mp.
Unknown command.
Space bends around you!
You blink.
* * * LOW MAGIC WARNING * * *
You take 2 damage, and have 4/83 hp.
You now have 1/10 mp.
Unknown command.
Okay, then.
It was a potion of brilliance.
You feel clever all of a sudden. The worker ant bites you!
* * * LOW MAGIC WARNING * * *
You die...

#.............#..###..#...
#...##.....#.#..#...#..#..
#...######+#.#[#.###.#.#..
#....#......#[#.#...#.#.#.
#....'......#.#.#.>.#.#.#.
#....#......#.#.#...#.#.#.
#....#....)..#.#.###.#.#..
#...##....>#.#..#[..#..#..
#...#####@##..#..###..#...
######...ap....##...##....
#....#...........###......
#...##.....##...#...#.....
#...##.....##...#...#.....
#...##..........###+#....#
#...##..........##..#....#
#....#..............#....#
#....#..............#....#

Skill      XL: |  1  2  3  4  5  6  7  8 |
---------------+-------------------------+-----
Axes           | 3 4 5 6 7 8 |  8.5
Invocations    | 3 |  3.7
Fighting       | 5 |  5.7
Dodging        | 3 |  3.4
Shields        | 2 |  2.5

Notes
Turn   | Place    | Note
-------+----------+-------------------------------------------
     0 | Abyss:1  | hittemvvvvhard the Ogre Abyssal Knight began the quest for
                  | the Orb.
     0 | Abyss:1  | Reached XP level 1. HP: 24/24 MP: 2/2
     0 | D:1      | Escaped the Abyss
   196 | D:1      | Reached XP level 2. HP: 23/32 MP: 3/3
   427 | D:1      | Reached * piety under Lugonu
   667 | D:1      | Reached skill level 3 in Axes
  1088 | D:1      | Reached XP level 3. HP: 38/39 MP: 4/4
  1814 | D:2      | Found a glowing silver altar of Zin.
  2002 | D:2      | Reached skill level 4 in Axes
  2008 | D:2      | Found a sparkling altar of Nemelex Xobeh.
  2287 | D:2      | Found a shattered altar of Ashenzari.
  2352 | D:3      | Reached XP level 4. HP: 48/48 MP: 5/5
  2482 | D:3      | HP: 12/48 [adder (2)]
  2487 | D:3      | HP: 14/72 [poisoned by an adder]
  2494 | D:3      | HP: 12/72 [poisoned by an adder]
  2502 | D:3      | HP: 11/72 [poisoned by an adder]
  2507 | D:3      | HP: 11/72 [poisoned by an adder]
  2512 | D:3      | HP: 11/72 [poisoned by an adder]
  2518 | D:3      | HP: 11/72 [poisoned by an adder]
  2524 | D:3      | HP: 6/48 [poisoned by an adder]
  3044 | D:3      | Reached ** piety under Lugonu
  3128 | D:3      | Noticed Grinder
  3173 | D:4      | Reached skill level 5 in Axes
  3173 | D:4      | Reached XP level 5. HP: 52/54 MP: 6/6
  3192 | D:4      | Noticed a phantom
  3541 | D:4      | Reached skill level 6 in Axes
  3541 | D:4      | Reached XP level 6. HP: 34/62 MP: 7/7
  4050 | D:4      | Reached skill level 7 in Axes
  4081 | D:4      | hittemvvvvhard: !lm
  4081 | D:4      | beem: 8750. [2020-05-19 19:27:35] hittemvvvhard the
                  | Intangible (L27 MfMo of Trog) left the Realm of Zot on turn
                  | 136282. (Zot:1)
  4548 | D:4      | Reached XP level 7. HP: 68/70 MP: 8/8
  4662 | D:4      | Reached skill level 8 in Axes
  4811 | D:4      | Found a shadowy altar of Dithmenos.
  5052 | D:5      | Entered Level 5 of the Dungeon
  5429 | D:5      | Found a sparkling altar of Nemelex Xobeh.
  5441 | D:5      | Found a glowing golden altar of the Shining One.
  5441 | D:5      | Found a radiant altar of Vehumet.
  5443 | D:5      | Found a burning altar of Makhleb.
  5443 | D:5      | Found a blossoming altar of Fedhas.
  5491 | D:5      | HP: 17/70 [acid (1)]
  6373 | D:5      | Found a runed translucent door.
  6935 | D:6      | Reached XP level 8. HP: 64/79 MP: 10/10
  7149 | D:6      | Reached skill level 3 in Invocations
  7161 | D:6      | Reached skill level 5 in Fighting
  7171 | D:6      | Reached skill level 3 in Dodging
  7269 | D:6      | Reached skill level 1 in Shields
  7417 | D:6      | Found a staircase to the Ecumenical Temple.
  7508 | Temple   | Entered the Ecumenical Temple
  7699 | D:6      | Reached skill level 2 in Shields
  8014 | D:6      | Lost dexterity.
  8025 | D:6      | Reached *** piety under Lugonu
  8705 | D:6      | HP: 17/83 [slave[Pikel] (8)]
  8705 | D:6      | HP: 6/83 [worker ant (6)]
  8707 | D:6      | Slain by a worker ant

Table legend:
 A = Turns spent in this place as a percentage of turns spent in the entire game.
 B = Non-inter-level travel turns spent in this place as a percentage of non-inter-level travel turns spent in the entire game.
 C = Inter-level travel turns spent in this place as a percentage of turns spent in this place.
 D = Turns resting spent in this place as a percentage of non-inter-level travel turns spent in this place.
 E = Turns spent auto-exploring this place as a percentage of non-inter-level travel turns spent in this place.
 F = Non-inter-level travel turns spent in this place divided by the number of levels of this place that you've seen.
                   A       B       C       D       E      F
               +-------+-------+-------+-------+-------+----------------------
         Total | 100.0 | 100.0 |   2.0 |   9.5 |  75.3 | 947.7
       Dungeon |  98.3 |  98.3 |   2.1 |   7.9 |  76.7 | 1197.4
        Temple |   1.7 |   1.7 |   0.0 |  98.6 |   0.0 | 147.0
         Abyss |   0.0 |   0.0 |   N/A |   N/A |   N/A |   0.0
               +-------+-------+-------+-------+-------+----------------------

Table legend:
 A = Kills in this place as a percentage of kills in entire the game.
 B = Kills by you in this place as a percentage of kills by you in the entire game.
 C = Kills by friends in this place as a percentage of kills by friends in the entire game.
 D = Other kills in this place as a percentage of other kills in the entire game.
 E = Experience gained in this place as a percentage of experience gained in the entire game.
 F = Experience gained in this place divided by the number of levels of this place that you have seen.
                   A       B       C       D       E      F
               +-------+-------+-------+-------+-------+----------------------
         Total | 100.0 | 100.0 |   N/A |   N/A | 100.0 | 218.0
       Dungeon | 100.0 | 100.0 |   N/A |   N/A | 100.0 | 280.3
               +-------+-------+-------+-------+-------+----------------------

Action                   |  1- 3 |  4- 6 |  7- 9 || total
-------------------------+-------+-------+-------++-------
Melee: Hand axe          |    77 |       |       ||    77
       War axe           |    30 |   134 |   178 ||   342
       Battleaxe         |       |       |     9 ||     9
Throw: Stone             |    57 |    35 |       ||    92
       Boomerang         |       |    41 |    50 ||    91
       Javelin           |       |       |     3 ||     3
Invok: Depart the Abyss  |     1 |       |       ||     1
       Bend Space        |       |       |     2 ||     2
Evoke: Wand              |       |       |     3 ||     3
  Use: Scroll            |     5 |     5 |       ||    10
       Potion            |       |     4 |     2 ||     6
 Stab: Sleeping          |     1 |       |       ||     1
  Eat: Chunk             |     5 |     7 |     4 ||    16
       Ration            |       |       |     3 ||     3
Armor: Robe              |    29 |    28 |   121 ||   178
       Skin              |       |     3 |       ||     3
Dodge: Dodged            |    58 |    92 |    57 ||   207
Block: Kite shield       |       |       |    42 ||    42

Vanquished Creatures
  A sky beast (D:6)
  An ogre (D:4)
  A bullfrog (D:7)
  3 scorpions
  3 wights (D:6)
  2 crimson imps
  A quasit (D:6)
  2 orc priests
  3 bullfrog skeletons
  A hound (D:5)
  A jelly (D:5)
  An iguana (D:4)
  5 orc wizards
  5 worker ants
  A worker ant zombie (D:5)
  10 gnolls
  5 adders
  2 oozes
  2 adder skeletons (D:4)
  2 worms (D:4)
  3 dart slugs
  4 leopard geckos
  18 orcs
  4 bats
  2 giant cockroaches
  8 goblins
  7 hobgoblins
  4 jackals (D:1)
  A quokka (D:2)
  2 frilled lizards
  A jackal skeleton (D:4)
  6 kobolds
  A leopard gecko skeleton (D:4)
  A quokka skeleton (D:4)
  8 rats
122 creatures vanquished. You could see a slave and a worker ant.

Levels and vault maps discovered:
D:1:      elethiomel_arrival_shortcut, layout_basic,
          kennysheep_decorative_pillar, chequers_serial_rivers_micro_c,
          minmay_pentomino_s2
D:2:      layout_rooms, lemuel_doored_altar, marbit_many_paths,
          nemelex_dance_club_becter
D:3:      layout_rooms, eino_tiny_chamber, st_stairs_14, uniq_grinder
D:4:      layout_cave_pools, nicolae_overflow_hidden_temple,
          nicolae_dithmenos_shadow_blocks
D:5:      layout_layer_cave, grunt_temple_overflow_open, first_ration,
          lightli_church_of_beogh
D:6:      layout_gridville, minmay_temple_entry_steel_oval, chequers_garden
D:7:      layout_basic, kennysheep_mini, lemuel_round_altar,
          kennysheep_mini_moat, led_sif_pool, uniq_pikel, uniq_maggie
Temple:   cyrus_temple_forest
